 Dungeon Crawl Stone Soup version 0.29-a0-919-gd064cfad1c (webtiles) character file.

Game seed: 581885108546375255

44 Hubjo the Insei (level 3, -7/27 HPs)
             Began as a Demonspawn Transmuter on July 26, 2022.
             Killed from afar by Sigmund (10 damage)
             ... with a magic dart
             ... on level 2 of the Dungeon.
             The game lasted 00:02:51 (1937 turns).

Hubjo the Insei (Demonspawn Transmuter)             Turns: 1937, Time: 00:02:51

Health: -7/27      AC:  2    Str: 10    XL:     3   Next: 41%
Magic:  6/6        EV: 13    Int: 16    God:
Gold:   92         SH:  0    Dex: 25    Spells: 5/6 levels left

rFire   . . .      SeeInvis .     - Unarmed
rCold   . . .      Faith    .   (no shield)
rNeg    . . .      Spirit   .   a - +0 robe
rPois   .          Reflect  .   (no helmet)
rElec   .          Harm     .   (no cloak)
rCorr   .          Rampage  .   (no gloves)
Will    .....                   (no boots)
Stlth   ++........              (no amulet)
HPRegen 0.09/turn               i - +6 ring of dexterity
MPRegen 0.10/turn               d - +6 ring of dexterity

@: on berserk cooldown, slowed, very slow
A: claws 1
a: no special abilities


You were on level 2 of the Dungeon.
You visited 1 branch of the dungeon, and saw 2 of its levels.

You collected 92 gold pieces.

Inventory:

Armour
 a - a +0 robe (worn)
Jewellery
 d - a +6 ring of dexterity (right claw)
 e - a ring of positive energy
 i - a +6 ring of dexterity (left claw)
Scrolls
 g - a scroll of butterflies {unknown}
 h - 2 scrolls of identify {unknown}
 l - a scroll of blinking {unknown}
Potions
 b - a potion of lignification
 c - a potion of might {unknown}
 f - a potion of berserk rage
 j - a potion of haste {unknown}
 k - a potion of flight {unknown}


   Skills:
 * Level 2.2 Fighting
 - Level 1.7 Dodging
 + Level 3.0 Unarmed Combat
 + Level 2.4 Spellcasting
 + Level 2.2 Transmutations


You had 5 spell levels left.
You knew the following spells:

 Your Spells              Type           Power      Damage    Failure   Level
a - Beastly Appendage     Tmut           18%        N/A       9%          1

Your spell library contained the following spells:

 Spells                   Type           Power      Damage    Failure   Level
 Wereblood                Tmut           9%         N/A       12%         2
 Summon Small Mammal      Summ           4%         N/A       21%         1
 Spider Form              Tmut/Pois      5%         N/A       36%         3
 Call Canine Familiar     Summ           1%         N/A       52%         3
 Summon Guardian Golem    Hex/Summ       1%         N/A       52%         3
 Ice Form                 Ice/Tmut       5%         N/A       77%         4


Dungeon Overview and Level Annotations

Branches:
Dungeon (2/15)

Altars:

Annotations:
D:1 1 transporter
D:2 Sigmund


Innate Abilities, Weirdness & Mutations

You have sharp fingernails.


Message History

Sigmund completely misses you.
You scratch Sigmund.
Sigmund is lightly wounded.
Sigmund gestures at you while chanting. The magic dart hits you.
You scratch Sigmund.
Sigmund is moderately wounded.
Sigmund closely misses you.
You scratch Sigmund.
Sigmund is moderately wounded.
It was a potion of berserk rage.
A red film seems to cover your vision as you go berserk!
You feel yourself moving faster!
You feel mighty!
Your transformation is almost over.
Sigmund casts a spell at you.
You are confused.
You bump into the rock wall.
You feel a strong urge to attack something.
Sigmund closely misses you.
You bump into the rock wall.
You bump into the rock wall.
You feel your anger nearly subside. Sigmund hits you with a +0 scythe!
You bump into the rock wall.
You are no longer berserk.
You are exhausted.
You feel yourself slow down.
You closely miss Sigmund. Your headbutt misses Sigmund.
Sigmund is moderately wounded.
Sigmund hits you with a +0 scythe.
You closely miss Sigmund. You claw Sigmund, but do no damage.
You headbutt Sigmund.
Sigmund is heavily wounded.
Sigmund hits you with a +0 scythe!
* * * LOW HITPOINT WARNING * * *
You bump into the rock wall.
Your horns disappear.
Your talons disappear.
You feel less confused. Sigmund gestures at you while chanting.
The magic dart hits you!
You die...

#..........#
#.#
#.##...#####
#.#
##.##...#
#.#
##.......#
#.#
........##
#.#
#.......##
#.#
#........#
#$#
.........#
#.#
..####.....
#@# ..#
..... #@#
..# .....
#.# ..# #.#
.#######.#
#.#
..........
#.#
..######.#
#.# ..# #.#
..#


You could see Sigmund.

Vanquished Creatures
  3 ball pythons (D:1)
  5 endoplasms
  4 giant cockroaches
  5 hobgoblins
  7 jackals
  5 kobolds
  A quokka (D:1)
  2 bats (D:1)
  A frilled lizard (D:1)
  3 goblins
36 creatures vanquished.

Notes
Turn   | Place    | Note
-------+----------+-------------------------------------------
     0 | D:1      | Hubjo the Demonspawn Transmuter began the quest for the
                  | Orb.
     0 | D:1      | Reached XP level 1. HP: 15/15 MP: 3/3
   304 | D:1      | Discovered your monstrous ancestry.
   304 | D:1      | Gained mutation: You have sharp fingernails. [demonic
                  | ancestry]
   304 | D:1      | Reached XP level 2. HP: 18/21 MP: 3/5
  1357 | D:2      | Reached XP level 3. HP: 27/27 MP: 3/6
  1487 | D:2      | Reached skill level 3 in Unarmed Combat
  1921 | D:2      | Noticed Sigmund
  1937 | D:2      | Killed from afar by Sigmund

Illustrated notes

Levels and vault maps discovered:
D:1:      spicycebolla_arrival_transporter_tutorial, layout_loops_corners
D:2:      layout_basic, basic_altar, shapermc_ecumenical_altar_flowoftime,
          st_stairs_3, minivault_5, uniq_sigmund

Skill      XL: |  1  2  3 |
---------------+----------+-----
Transmutations | 2 |  2.2
Fighting       | 2 |  2.2
Unarmed Combat | 3 |  3.0
Dodging        | |  1.7
Spellcasting   | |  2.4

Action                   || total
-------------------------++-------
Melee: Unarmed           ||    91
       Kick              ||    20
       Headbutt          ||     8
       Punch             ||     2
 Cast: Beastly Appendage ||    27
  Use: Potion            ||     1
 Stab: Sleeping          ||     1
Armor: Robe              ||     8
Dodge: Dodged            ||    50

Table legend: (Time is in decaauts)
 A = Elapsed time spent in this place.
 B = Non-inter-level travel time spent in this place.
 C = Inter-level travel time spent in this place.
 D = Time resting spent in this place.
 E = Time spent auto-exploring this place.
 F = Levels seen in this place.
 G = Mean time per level.
                   A        B        C        D        E       F      G
               +--------+--------+--------+--------+--------+-----+--------+
         Total |   1931 |   1922 |      9 |      0 |   1641 |   2 |  965.5 |
       Dungeon |   1931 |   1922 |      9 |      0 |   1641 |   2 |  965.5 |
               +--------+--------+--------+--------+--------+-----+--------+

Top non-repeatable levels by time:
     D:1: 1345 daAuts
     D:2: 585 daAuts
